[Event "*** Titled Tuesday Blitz"]
[Site "Chess.com"]
[Date "2021.02.09"]
[Round "8"]
[White "DvaHrasta"]
[Black "Natalya_Buksa"]
[Result "1/2-1/2"]
[WhiteElo "2425"]
[BlackElo "2563"]
[TimeControl "180+1"]
[EndTime "11:29:38 PST"]
[Termination "Game drawn - insufficient material"]

1. c4 e6 2. g3 Nf6 3. Bg2 d5 4. Nf3 Be7 5. O-O O-O 6. d4 dxc4 7. Ne5 c5 8. dxc5 Qc7 9. Nxc4 Rd8 10. Qc2 Nc6 11. Nd6 Nd4 12. Qd3 Bxd6 13. cxd6 Qxd6 14. Nc3 e5 15. Bg5 Bf5 16. Qd1 h6 17. Bxf6 Qxf6 18.
Nd5 Qd6 19. e3 Nc6 20. Rc1 e4 21. Nf4 Qe5 22. Qb3 Na5 23. Qa3 b6 24. b4 Nb7 25.
h4 a5 26. h5 Bg4 27. Rc6 Nd6 28. bxa5 bxa5 29. Rfc1 Rac8 30. Rxc8 Rxc8 31. Rxc8+ Nxc8 32. Qb3 Nd6 33. Qb8+ Kh7 34. Qa7 Bf3 35. Bxf3 exf3 36. Qd4 Qxd4 37. exd4 g5 38. hxg6+ fxg6 39. Kf1 g5 40. Ne6 Kg6 41. Ke1 h5 42. Kd2 Kf6 43. Nc5 Nf5 44. Kd3 h4 45. gxh4 gxh4 46. Ke4 h3 47.
Kxf3 Nxd4+ 48. Kg3 Ne2+ 49. Kxh3 Nc3 50. a4 Ke5 51.
Kg3 Kd5 52. Nb3 Nxa4 53. Nxa5 Nc5 54. f4 Ke6 55. Kg4 Kf6 56. Nc4 Ne6 57. Ne5 Nxf4 1/2-1/2

[Event "*** Titled Tuesday Blitz"]
[Site "Chess.com"]
[Date "2021.02.09"]
[Round "8"]
[White "azikom"]
[Black "korkmaz16"]
[Result "1-0"]
[WhiteElo "2641"]
[BlackElo "2410"]
[TimeControl "180+1"]
[EndTime "11:29:38 PST"]
[Termination "azikom won by resignation"]

1. d4 d5 2. Nf3 Nf6 3. Bf4 c5 4. e3 Nc6 5. c3 e6 6. Nbd2 Bd6 7. Bg3 O-O 8. Bd3 b6 9. Ne5 Bb7 10. f4 Ne7 11. O-O Ne4 12. Nxe4 dxe4 13. Be2 cxd4 14.
cxd4 Nd5 15. Bf2 f6 16. Nc4 Be7 17. Rc1 Rc8 18. a3 b5 19. Nd2 Qb6 20. Qb3 b4 21. axb4 Qxb4 22. Qxb4 Nxb4 23. Bc4 Bd5 24. b3 f5 25. Ra1 a6 26. Ra4 Rc6 27. Rfa1 Rfc8 28. h3 Kf7 29. g4 g6 30. Kg2 Rb8 31. Ra5 Nd3 32. Rxd5 Rxc4 33. Nxc4 exd5 34. Ne5+ Nxe5 35. dxe5 Rxb3 36. Rxa6 Rb2 37. e6+ Kf6 38. Kg3 h6 39.
Be1 Rc2 40. h4 Bc5 41. g5+ hxg5 42. hxg5+ Ke7 43. Rc6 Rc4 44. Rxc5 Rxc5 45. Bb4 Kxe6 46. Bxc5 1-0

[Event "*** Titled Tuesday Blitz"]
[Site "Chess.com"]
[Date "2021.02.09"]
[Round "8"]
[White "PavelChernomordik"]
[Black "Nachsueb"]
[Result "1-0"]
[WhiteElo "2382"]
[BlackElo "2190"]
[TimeControl "180+1"]
[EndTime "11:29:38 PST"]
[Termination "PavelChernomordik won by resignation"]

1. e4 c5 2. Nc3 Nc6 3. Bb5 Nd4 4. Bc4 e6 5. Nge2 Nc6 6. O-O a6 7. a4 b6 8. d4 cxd4 9. Nxd4 Qc7 10. Bb3 Nf6 11.
Be3 Bb4 12. f3 O-O 13. Nce2 Ne5 14. Bf4 d6 15. c3 Bc5 16. Kh1 Ng6 17. Bg5 Nd7 18.
Bxe6 Bxd4 19. Bxd7 Bxd7 20. Nxd4 Qc5 21. Be3 Qh5 22. g4 Qe5 23. Nf5 Bxf5 24. gxf5 Ne7 25. Bxb6 d5 26. Bd4 Qf4 27. Rg1 f6 28. Rg4 Qd6 29. Qg1 Rf7 30. Bc5 Qe5 31. Bd4 Qd6 32. Re1 dxe4 33. fxe4 Rb8 34. b4 a5 35. b5 Rc8 36.
Qg2 Rc7 37. e5 Qd5 38. exf6 Qxg2+ 39. Kxg2 Nxf5 40. Re8+ Rf8 41. Rxf8+ Kxf8 42. fxg7+ Kg8 43. Rf4 Nxd4 44. cxd4 Rc2+ 45. Kf3 Rc4 46. d5 Rc3+ 47. Kg4 Kxg7 48. Rd4 Kg6 49. d6 h5+ 50. Kf4 Rh3 51. d7 Rh4+ 52. Ke5 Rxh2 53. d8=Q Re2+ 54. Kd5 1-0

[Event "*** Titled Tuesday Blitz"]
[Site "Chess.com"]
[Date "2021.02.09"]
[Round "8"]
[White "KingCyber19"]
[Black "bylavochka"]
[Result "1-0"]
[WhiteElo "2548"]
[BlackElo "2088"]
[TimeControl "180+1"]
[EndTime "11:29:38 PST"]
[Termination "KingCyber19 won by resignation"]

1. d4 Nf6 2. c4 g6 3. Nf3 Bg7 4. g3 O-O 5. Bg2 d6 6. O-O c6 7.
Nc3 Nbd7 8. e4 e5 9. Be3 Re8 10. h3 Qe7 11. Qc2 Nf8 12. Rfe1 exd4 13. Nxd4 Ne6 14. f4 Nd7 15. Rad1 a5 16. b3 Ndc5 17. Nxe6 Nxe6 18. Ne2 Nc7 19. Bd4 Ne6 20. Bxg7 Nxg7 21.
Nd4 Ne6 22. Kh2 Bd7 23. Qd2 Rad8 24. Qxa5 Ra8 25. Qd2 Nxd4 26. Qxd4 Rxa2 27. Qxd6 Qxd6 28. Rxd6 Re7 29. Red1 Rxe4 30. Rxd7 Ree2 31. Rg1 b5 32. cxb5 cxb5 33. Rb7 b4 34. Rxb4 h5 35. h4 Kg7 36.
Rb7 Kg8 37. b4 Rab2 38. b5 Kg7 39. b6 Re6 40. Kh3 Rexb6 41. Rxb6 Rxb6 42. Rc1 Rb3 43. Rc7 Rb6 44. Bd5 Rf6 45. Kg2 Rf5 46. Bc4 Rf6 47. Kf3 Rf5 48. Ke4 Rf6 49. Rxf7+ Rxf7 50. Bxf7 Kxf7 51.
Ke5 Ke7 52. f5 Kf7 53. f6 g5 54. hxg5 Kg6 55. Ke6 Kxg5 56. f7 Kg4 57. f8=Q Kxg3 58. Qf1 Kh2 59. Kf5 h4 60. Kg4 h3 61. Qxh3+ Kg1 62. Qf3 Kh2 63. Qe2+ Kg1 64. Kg3 1-0

[Event "*** Titled Tuesday Blitz"]
[Site "Chess.com"]
[Date "2021.02.09"]
[Round "8"]
[White "wonderfultime"]
[Black "RD4ever"]
[Result "0-1"]
[WhiteElo "2934"]
[BlackElo "2890"]
[TimeControl "180+1"]
[EndTime "11:29:40 PST"]
[Termination "RD4ever won by resignation"]

1. d4 Nf6 2. Nf3 g6 3. Bg5 Bg7 4. Nbd2 O-O 5. c3 d6 6. e4 c5 7. dxc5 dxc5 8. Bc4 Nc6 9. Qe2 h6 10. Bxf6 exf6 11. O-O Qc7 12. Nh4 Kh7 13. f4 Re8 14.
Rae1 Be6 15. Bxe6 Rxe6 16. f5 Re7 17. fxg6+ fxg6 18. Qg4 Ne5 19. Qg3 Rg8 20. Ndf3 Nxf3+ 21. Qxf3 Bh8 22. g3 c4 23. Kh1 Qc6 24. Ng2 Rge8 25. Rd1 Bg7 26. Nf4 Qxe4 27. Qxe4 Rxe4 28. Rd7 R8e7 29.
Rfd1 g5 30. Rxe7 Rxe7 31. Nh5 f5 32. Rd6 Be5 33. Rd5 Kg6 34. g4 fxg4 35. Ng3 Bxg3 36. hxg3 Re1+ 37. Kg2 Re2+ 38. Kf1 Rxb2 39. Rd6+ Kg7 40.
Rd7+ Kf6 41. a4 h5 42. Rh7 Kg6 43. Rc7 h4 44. Rc5 h3 45. Kg1 Rg2+ 46. Kh1 Rxg3 47. a5 Rxc3 48. Kh2 Rc2+ 49. Kh1 g3 0-1

[Event "*** Titled Tuesday Blitz"]
[Site "Chess.com"]
[Date "2021.02.09"]
[Round "8"]
[White "klimkoj"]
[Black "Cambek64"]
[Result "1-0"]
[WhiteElo "2550"]
[BlackElo "2346"]
[TimeControl "180+1"]
[EndTime "11:29:42 PST"]
[Termination "klimkoj won on time"]

1. d4 Nf6 2. Nf3 c5 3. d5 g6 4. c4 b5 5. Qc2 Bg7 6. e4 d6 7.
cxb5 O-O 8. Nc3 a6 9. a4 axb5 10. Bxb5 Ba6 11. O-O Ne8 12. Bg5 Nc7 13. Qd3 Nd7 14.
Nd2 h6 15. Be3 Qb8 16. f3 Ne5 17. Qe2 Bxb5 18. axb5 Qb7 19. Nb3 h5 20. Na5 Qb6 21.
Nc6 Nxc6 22. bxc6 Rab8 23. Ra2 Qb3 24. Rfa1 e6 25. dxe6 Nxe6 26. Nd5 Bxb2 27. c7 Nxc7 28. Nxc7 Bxa1 29. Rxa1 c4 30. Nd5 Qb2 31. Qxb2 Rxb2 32. Bd4 Rd2 33. Bc3 Rd3 34. Ra7 Rb8 35. Kf2 f5 36. Nf6+ Kf8 37. Nd7+ Ke8 38. Nxb8 Rxc3 39. Nc6 Rd3 40. exf5 1-0

[Event "*** Titled Tuesday Blitz"]
[Site "Chess.com"]
[Date "2021.02.09"]
[Round "8"]
[White "Kislov_Oleg"]
[Black "FGHSMN"]
[Result "1/2-1/2"]
[WhiteElo "2500"]
[BlackElo "2623"]
[TimeControl "180+1"]
[EndTime "11:29:43 PST"]
[Termination "Game drawn by repetition"]

1. e4 c5 2. Nf3 e6 3. c3 d5 4. exd5 Qxd5 5. d4 Nf6 6. Be2 Nc6 7. O-O Be7 8. c4 Qd8 9. dxc5 O-O 10. a3 a5 11. Nc3 Bxc5 12. Nb5 Qxd1 13. Rxd1 Bd7 14.
Bg5 Rfd8 15. Bh4 h6 16. Rd3 g5 17.
Bg3 Ne4 18. Rad1 Be8 19. Rxd8 Rxd8 20. Rxd8 Nxd8 21. Bd3 Nxg3 22. hxg3 Nc6 23. Kf1 f5 24.
Ke2 Bd7 25. Nd2 e5 26. f3 Kf7 27. Nf1 Nd4+ 28. Nxd4 Bxd4 29. b4 a4 30. Bc2 Bb2 31.
b5 Bxa3 32. Bxa4 Bc5 33. Ne3 Be6 34. Bb3 b6 35. Nd5 h5 36. Bc2 h4 37. gxh4 gxh4 38. Bd3 Kg6 39. Ne3 Kg5 40. Nd5 Bd4 41.
Kf1 Bc5 42. Ke2 Bc8 43. Kf1 Bb7 44. Ke2 Ba8 45. Kf1 Bb7 46. Ke2 Bc8 47. Kf1 Be6 48.
Ke2 1/2-1/2

[Event "*** Titled Tuesday Blitz"]
[Site "Chess.com"]
[Date "2021.02.09"]
[Round "8"]
[White "ShahMatKanal"]
[Black "PotapovaM"]
[Result "1-0"]
[WhiteElo "2486"]
[BlackElo "2621"]
[TimeControl "180+1"]
[EndTime "11:29:43 PST"]
[Termination "ShahMatKanal won by checkmate"]

1. c4 Nf6 2. Nc3 e6 3. e4 d5 4. cxd5 exd5 5. e5 Ne4 6. Bd3 Nxc3 7. dxc3 Be7 8. Nf3 Bg4 9. h3 Bh5 10. O-O Nc6 11. Re1 O-O 12. Bf4 d4 13. c4 Bg6 14.
a3 a5 15. b3 Qd7 16. Qc2 Bc5 17. Bg3 Nd8 18. Ng5 Bxd3 19. Qxd3 g6 20. Ne4 Be7 21.
b4 Ne6 22. c5 Kg7 23. h4 h5 24. Rac1 Qd8 25. Nf6 Bxf6 26. exf6+ Kg8 27. b5 Qxf6 28.
Re5 c6 29. bxc6 bxc6 30. Rce1 Rad8 31. Qe4 Ng7 32. Rd1 Nf5 33. Bf4 Qxh4 34. g3 Qf6 35. Kg2 Rd7 36. Rd3 Rfd8 37. Re8+ Kh7 38. f3 Re7 39.
Rxe7 Nxe7 40. g4 Nd5 41. Bd2 hxg4 42. fxg4 Rd7 43. Rh3+ Kg8 44. Qe8+ Kg7 45. Qh8# 1-0

[Event "*** Titled Tuesday Blitz"]
[Site "Chess.com"]
[Date "2021.02.09"]
[Round "8"]
[White "Shuvalov"]
[Black "MillyNeuf"]
[Result "1-0"]
[WhiteElo "2498"]
[BlackElo "2319"]
[TimeControl "180+1"]
[EndTime "11:29:43 PST"]
[Termination "Shuvalov won on time"]

1. b4 d5 2. Bb2 Nf6 3. Bxf6 exf6 4. c3 Bd6 5. d4 O-O 6. e3 Bf5 7. Ne2 Nd7 8. Ng3 Bg6 9. Bd3 Re8 10. Nf5 Bxf5 11.
Bxf5 Nf8 12. Nd2 g6 13. Bd3 Nd7 14. O-O f5 15. g3 c6 16. Rb1 b5 17. a4 a6 18. Ra1 Nf6 19. Ra3 Ne4 20. Qc2 h5 21. Nf3 Qb6 22. Rfa1 Qb7 23. Qa2 Red8 24. Bf1 Kg7 25.
Ne1 h4 26. Nd3 hxg3 27. hxg3 Rh8 28. Bg2 Qc7 29. axb5 cxb5 30. Qxd5 Rad8 31. Bxe4 Bxg3 32. Qc6 Bxf2+ 33. Kxf2 Rh2+ 34. Bg2 Qxc6 35. Nf4 Rxg2+ 36. Nxg2 Re8 37. Rxa6 Qxc3 38. Re1 Qxb4 39. Rc6 Qa4 40. Rb6 b4 41. Nf4 b3 42. Re2 Qa3 43. Nd3 Qe7 44.
Nc5 Qh4+ 45. Kf1 Qh3+ 46. Kf2 Qh2+ 47. Ke1 Qg1+ 48. Kd2 Qb1 49. Rxb3 Qa2+ 50. Kd3 Rc8 51. Rxa2 g5 52. Ra7 g4 53. Rbb7 g3 54. Rxf7+ Kg6 55. Rg7+ Kh5 56. Rxg3 f4 57. exf4 Kh4 58. Rg5 Rh8 59.
Ne4 Kh3 60. Ra1 Kh2 61. Nf2 1-0

[Event "*** Titled Tuesday Blitz"]
[Site "Chess.com"]
[Date "2021.02.09"]
[Round "8"]
[White "platy3"]
[Black "Rodalquilar"]
[Result "0-1"]
[WhiteElo "2838"]
[BlackElo "2694"]
[TimeControl "180+1"]
[EndTime "11:29:44 PST"]
[Termination "Rodalquilar won on time"]

1. e4 d5 2. Nc3 dxe4 3. Nxe4 Bf5 4. Ng3 Bg6 5. h4 h6 6. h5 Bh7 7. Nf3 Nd7 8. d4 Ngf6 9. Bc4 e6 10. c3 c5 11. Be3 Qc7 12. Qe2 a6 13. dxc5 Bxc5 14. Bxc5 Nxc5 15. Qe5 Rc8 16. Qxc7 Rxc7 17. O-O-O Nce4 18. Nxe4 Nxe4 19. Rd4 b5 20. Be2 Nxf2 21. Rf1 Ne4 22.
Re1 Ng3 23. Bd1 Nxh5 24. a4 Ke7 25. axb5 axb5 26. Re5 Nf6 27. Rxb5 Be4 28. Re5 Bd5 29. g4 Ra8 30. Nh4 Kf8 31. g5 hxg5 32. Rxg5 Ne4 33. Re5 Nc5 34. Bc2 Ra1+ 35. Kd2 Rh1 36. Re2 Ra7 37.
b4 Nb3+ 38. Bxb3 Bxb3 39. Ke3 Rh3+ 40. Kf2 Rxc3 41. Nf3 Bd5 42. Ne5 Rh3 43. b5 Rh2+ 44. Ke3 Rxe2+ 45. Kxe2 Rb7 46. Rb4 f6 47. Ke3 fxe5 0-1

[Event "*** Titled Tuesday Blitz"]
[Site "Chess.com"]
[Date "2021.02.09"]
[Round "8"]
[White "seorobert1971"]
[Black "sorrm8thatscheckm8"]
[Result "0-1"]
[WhiteElo "2706"]
[BlackElo "2600"]
[TimeControl "180+1"]
[EndTime "11:29:44 PST"]
[Termination "sorrm8thatscheckm8 won by resignation"]

1. e4 c5 2. Nc3 Nc6 3. g3 g6 4. Bg2 Bg7 5. Nge2 e6 6. d3 Nf6 7.
Be3 Qe7 8. h3 d6 9. Qd2 Bd7 10.
f4 O-O-O 11. O-O-O Kb8 12. d4 cxd4 13. Nxd4 Nxd4 14.
Qxd4 b6 15. Qxd6+ Qxd6 16. Rxd6 Bc8 17. Rhd1 Rxd6 18. Rxd6 Nh5 19. g4 Nf6 20. e5 Ne8 21. Rd1 Nc7 22. a4 g5 23. Ne4 Nd5 24. Rxd5 exd5 25. Nxg5 h5 26. Nxf7 Rf8 27. Nd6 Be6 28. g5 d4 29. Bd2 Bxe5 30. fxe5 Rf2 31. h4 Rxg2 32. b4 Rh2 33. g6 Rh1+ 34. Kb2 Rxh4 35.
Nf7 Rg4 36. Ng5 Bg8 37. e6 Kc8 38. g7 Kd8 39. b5 d3 40. cxd3 Ke7 41. Bb4+ Rxb4+ 0-1

[Event "*** Titled Tuesday Blitz"]
[Site "Chess.com"]
[Date "2021.02.09"]
[Round "8"]
[White "KaterinaMiroshnik"]
[Black "Dii210"]
[Result "1-0"]
[WhiteElo "2622"]
[BlackElo "2327"]
[TimeControl "180+1"]
[EndTime "11:29:44 PST"]
[Termination "KaterinaMiroshnik won by resignation"]

1. d3 d5 2. Nd2 Nf6 3. Ngf3 Nbd7 4. e4 e5 5. Be2 c6 6. O-O Bc5 7. c3 h6 8. Qc2 O-O 9. d4 exd4 10. cxd4 dxe4 11.
Nxe4 Nxe4 12. Qxe4 Nf6 13. Qh4 Be7 14. Qf4 Nd5 15. Qe4 Be6 16. Qc2 Qd6 17. Qd1 Rfd8 18. Be3 Bf6 19. Qa4 Nf4 20. Bxf4 Qxf4 21. Rfd1 Bd5 22.
Qb4 Rd7 23. g3 Qf5 24. Ne5 Bxe5 25. dxe5 Qxe5 26. Bf3 b6 27. Bxd5 Rxd5 28. Qa4 Rxd1+ 29. Rxd1 c5 30. b3 Qe2 31. Rd7 Qf3 32. Rd6 a6 33. Qd7 b5 34. Rc6 Qc3 35. Rc8+ Rxc8 36.
Qxc8+ Kh7 37. Qf5+ Kg8 38. Qc8+ Kh7 39. Qf5+ g6 40.
Qxf7+ Qg7 41. Qf4 Qd7 42. Kg2 Qd5+ 43. Qf3 Qxf3+ 44. Kxf3 Kg7 45. Ke4 Kf6 46. Kd5 Kf5 47. Kxc5 Kg4 48. Kb6 Kh3 49. Kxa6 g5 50. Kxb5 Kxh2 51.
a4 h5 52. a5 h4 53. a6 h3 54. a7 Kg1 55. a8=Q h2 56. f4 g4 57. f5 h1=Q 58. Qxh1+ Kxh1 59. f6 Kg2 60. f7 Kxg3 61. f8=Q 1-0

[Event "*** Titled Tuesday Blitz"]
[Site "Chess.com"]
[Date "2021.02.09"]
[Round "8"]
[White "mapleaff"]
[Black "louis198"]
[Result "1-0"]
[WhiteElo "2434"]
[BlackElo "2550"]
[TimeControl "180+1"]
[EndTime "11:29:44 PST"]
[Termination "mapleaff won by resignation"]

1. e4 e6 2. e5 d5 3. exd6 cxd6 4. d4 Nf6 5. Bd3 Be7 6. Nf3 O-O 7. O-O b6 8. c4 Bb7 9. Nc3 Nbd7 10. d5 Nc5 11.
dxe6 fxe6 12. Nd4 a5 13. Bc2 g6 14. Bh6 Rf7 15. Re1 e5 16. Nf3 Ng4 17. Bd2 Nxf2 18.
Kxf2 Bh4+ 19. Kg1 Bxf3 20. gxf3 Bxe1 21. Bxe1 Ne6 22. Be4 Rc8 23. Bd5 Qe7 24. Bh4 g5 25.
Bg3 Kg7 26. Ne4 Nd4 27. Bxf7 Kxf7 28. b3 h6 29. Bf2 Nf5 30. Qd5+ Kg6 31. Rd1 Rd8 32. Qd3 Qb7 33. Ng3 Rf8 34. h4 gxh4 35. Nxf5 Rxf5 36. Qxd6+ Rf6 37. Qd3+ Kg7 38. Qd7+ Rf7 39.
Qxb7 Rxb7 40. Bxh4 Kg6 41. Kg2 Kf5 42. Bg3 b5 43. c5 Re7 44. Rd5 a4 45. bxa4 bxa4 46. c6 Re6 47. Rxe5+ 1-0

[Event "*** Titled Tuesday Blitz"]
[Site "Chess.com"]
[Date "2021.02.09"]
[Round "8"]
[White "Fiona"]
[Black "imdvb6307"]
[Result "1/2-1/2"]
[WhiteElo "2153"]
[BlackElo "2372"]
[TimeControl "180+1"]
[EndTime "11:29:44 PST"]
[Termination "Game drawn by agreement"]

1. e4 Nc6 2. Nf3 d6 3. d4 Nf6 4. Bd3 Bg4 5. c3 e6 6. O-O d5 7. e5 Ne4 8. Nbd2 Nxd2 9. Bxd2 Be7 10. Bf4 O-O 11. Bc2 Kh8 12. h3 Bh5 13. Kh2 f6 14.
g4 fxe5 15. Bxe5 Bg6 16. Bxg6 hxg6 17. Qd3 Bd6 18. Qxg6 Bxe5+ 19. Nxe5 Nxe5 20. dxe5 Qh4 21. f4 Rae8 22. Rf3 Qh7 23. Qxh7+ Kxh7 24. Raf1 g6 25.
Kg3 Kg7 26. f5 exf5 27. gxf5 Rxe5 28. fxg6 Rxf3+ 29. Rxf3 Kxg6 30. Kf2 c5 31. Rg3+ Kf6 32. Rf3+ Ke6 33. Rg3 Rf5+ 34. Ke2 d4 35. cxd4 cxd4 36. Rg7 Rb5 37. b3 a5 38. Kd3 a4 39. bxa4 Rb4 40. a5 Kd5 41. Rd7+ Kc5 42. h4 Ra4 43. Rc7+ Kd6 44. Rxb7 Rxa5 45. Kxd4 Ra4+ 46. Ke3 Rxh4 47.
Rb2 Kc6 48. Kd3 Kc7 49. Rc2+ 1/2-1/2

[Event "*** Titled Tuesday Blitz"]
[Site "Chess.com"]
[Date "2021.02.09"]
[Round "8"]
[White "queen_iryna"]
[Black "Lion-Al-Messi"]
[Result "1-0"]
[WhiteElo "2353"]
[BlackElo "2518"]
[TimeControl "180+1"]
[EndTime "11:29:45 PST"]
[Termination "queen_iryna won on time"]

1. e4 b6 2. d4 Bb7 3. Nc3 e6 4. Bd3 Bb4 5. f3 d5 6. e5 c5 7. a3 Ba5 8. f4 cxd4 9. Bb5+ Nc6 10. Qxd4 Bxc3+ 11. Qxc3 Rc8 12. Nf3 Ne7 13. O-O O-O 14. Qe1 Nf5 15. Bd3 Nce7 16. g4 Nh6 17. Qg3 d4 18. f5 exf5 19. Bxh6 gxh6 20. gxf5+ Kh8 21.
Kf2 Rg8 22. Qh4 Nd5 23. f6 Ba6 24. Rac1 Bxd3 25. cxd3 Ne3 26. Rg1 Rxc1 27. Rxc1 Rg2+ 28. Ke1 Rg1+ 29. Kd2 Rg2+ 30. Ke1 Qg8 31. Qxd4 Nc2+ 32. Rxc2 Rxc2 33. Qe4 Rc1+ 34. Kd2 Qc8 35. Ke3 Qc5+ 36. Kf4 Qf8 37. e6 fxe6 38. Qxe6 h5 39. f7 Kg7 40. Ne5 Rf1+ 41. Ke4 Re1+ 42. Kf5 Rf1+ 43. Kg5 Rg1+ 44. Kxh5 Rf1 45. Qh6+ 1-0

[Event "*** Titled Tuesday Blitz"]
[Site "Chess.com"]
[Date "2021.02.09"]
[Round "8"]
[White "ridnani2021"]
[Black "juli2512"]
[Result "1-0"]
[WhiteElo "2336"]
[BlackElo "2171"]
[TimeControl "180+1"]
[EndTime "11:29:45 PST"]
[Termination "ridnani2021 won by resignation"]

1. e4 c5 2. Nf3 d6 3. d4 cxd4 4. Nxd4 Nf6 5. Nc3 Nc6 6. Be3 e5 7. Nb3 Be7 8. Bc4 O-O 9. O-O Be6 10. Bxe6 fxe6 11. f3 Rc8 12. a4 b6 13. Qd2 d5 14.
exd5 exd5 15. Bf2 d4 16. Ne2 Nd5 17. c3 Bg5 18. Qd3 Nf4 19. Nxf4 Bxf4 20. cxd4 Nb4 21. Qe4 exd4 22. Nxd4 a5 23. Ne6 Qf6 24. Nxf8 Rxf8 25. Rad1 Be5 26. Bd4 Bxd4+ 27. Qxd4 Qg6 28. Qe4 Qf6 29. Rd2 h6 30. Qd4 Qg5 31. f4 Qg6 32. Qd6 Rf6 33. Qd8+ Kh7 34. Qd4 Na6 35. Rdf2 Nc5 36.
Rf3 Ne4 37. Re3 Nc5 38. Rg3 Qc2 39. f5 Qxa4 40. Qxa4 Nxa4 41. b3 Nc5 42. Re3 Kg8 43. g4 Kf7 44. Rd1 Rc6 45. Rc3 Rc7 46.
Rb1 Kf6 47. b4 axb4 48. Rxb4 Kg5 49. h3 Kh4 50. Rxb6 Rc8 51. Rb5 Ne4 52. Rxc8 1-0

[Event "*** Titled Tuesday Blitz"]
[Site "Chess.com"]
[Date "2021.02.09"]
[Round "8"]
[White "PSvidler"]
[Black "12teen"]
[Result "1-0"]
[WhiteElo "2907"]
[BlackElo "2856"]
[TimeControl "180+1"]
[EndTime "11:29:46 PST"]
[Termination "PSvidler won by resignation"]

1. e4 e6 2. d4 b6 3. Nf3 Bb7 4. Bd3 Nf6 5. Qe2 d5 6. e5 Nfd7 7. c3 Be7 8. O-O c5 9. a4 Nc6 10. Nbd2 g5 11. Bb5 h5 12. Nb3 g4 13. Ne1 Qc7 14.
Nc2 a6 15. Bxc6 Bxc6 16. Bf4 b5 17. dxc5 bxa4 18. Nbd4 Nxc5 19. f3 Nb3 20. Rad1 Bc5 21. Qe3 Bb5 22. Rf2 O-O-O 23. fxg4 hxg4 24. Bg3 Na5 25. Qf4 Rd7 26. Ne3 Nc4 27. Nxc4 dxc4 28. Qxg4 Rhd8 29. h3 Qb6 30. Kh2 Bxd4 31. Rxd4 Rxd4 32. cxd4 Qxd4 33. Rf4 Qd7 34. Qf3 Qb7 35. Qxb7+ Kxb7 36. Rxf7+ Kc6 37. Be1 Rd3 38. Rf3 Kd5 39.
Bc3 Ke4 40. Kg3 Be8 41. Kf2 Bh5 42. Rxd3 Kxd3 43. Bb4 Kc2 44. g4 Bg6 45. Ke3 Kxb2 46. Kd4 Kb3 47. Bc3 a3 48. h4 Ka2 49. Kxc4 Kb1 50. h5 Bf7 51. Kc5 Kc2 52. Ba1 Kb1 53. Bd4 a2 54. Kd6 a5 55. Ke7 Bg8 56. g5 a4 57. g6 a3 58. h6 a1=Q 59. Bxa1 Kxa1 60. h7 Bxh7 61. gxh7 a2 62. h8=Q 1-0

[Event "*** Titled Tuesday Blitz"]
[Site "Chess.com"]
[Date "2021.02.09"]
[Round "8"]
[White "BahadirOzen"]
[Black "Zmeeed63"]
[Result "0-1"]
[WhiteElo "2708"]
[BlackElo "2464"]
[TimeControl "180+1"]
[EndTime "11:29:46 PST"]
[Termination "Zmeeed63 won by resignation"]

1. g3 Nf6 2. Bg2 e6 3. d3 Be7 4. Nd2 O-O 5. e4 d5 6. Nh3 c5 7. O-O Nc6 8. f4 b5 9. Nf2 c4 10. e5 Ne8 11. dxc4 bxc4 12. Nxc4 Ba6 13. Nd2 Bxf1 14.
Qxf1 Qb6 15. Kh1 Nc7 16. Nf3 Qa6 17. Qd1 Rab8 18. b3 Rfd8 19. Nd3 Nb4 20. Nde1 Nb5 21. Bb2 Rbc8 22. Bf1 Qb7 23. a3 Nc6 24. Bd3 g6 25. h4 h5 26. Kh2 Nc7 27. Ng2 a5 28. Ng5 Bxg5 29. hxg5 a4 30. b4 Na5 31. g4 Nc4 32.
Bc1 hxg4 33. Qxg4 Nb5 34. Qh3 Qe7 35. Nh4 Qf8 36. Be3 Nxe3 37. Qxe3 d4 38. Qh3 Nc3 39. Rh1 Qg7 40. Kg3 Nd5 41. Nf3 Ne3 42. Nh2 Nf5+ 43. Kf3 Kf8 44. Ng4 Ke7 45. Kf2 Rh8 46. Qf3 Rxh1 47.
Qxh1 Qh8 48. Qb7+ Kd8 49. Qb6+ Ke8 50. Nh6 Nxh6 51. Bb5+ Kf8 0-1

[Event "*** Titled Tuesday Blitz"]
[Site "Chess.com"]
[Date "2021.02.09"]
[Round "8"]
[White "mikolka1985"]
[Black "Taran2004"]
[Result "1/2-1/2"]
[WhiteElo "2598"]
[BlackElo "2468"]
[TimeControl "180+1"]
[EndTime "11:29:46 PST"]
[Termination "Game drawn by agreement"]

1. d4 Nf6 2. c4 g6 3. Nc3 Bg7 4. e4 O-O 5. f4 d6 6. Nf3 c5 7. dxc5 dxc5 8. Qxd8 Rxd8 9. e5 Ne8 10. Be3 b6 11.
Nd5 Nc6 12. O-O-O Bb7 13. Bd3 e6 14. Nc3 Nb4 15. Be2 Nc7 16. a3 Nc6 17. Bf2 Kf8 18. Bh4 Rxd1+ 19. Rxd1 Nd4 20. Nxd4 cxd4 21. Rxd4 Bxg2 22.
Rd7 Na6 23. b4 h6 24. c5 g5 25. Bxa6 gxh4 26. Bb7 Bxb7 27. Rxb7 bxc5 28. bxc5 Rc8 29. Ne4 Kg8 30. Kd2 Bf8 31. Nd6 Rxc5 32. Nxf7 Ra5 33. Nd8 Ra6 34. Rb8 Kg7 35. Rb7+ Kg8 36. a4 h5 37. Kc2 Bh6 38. Rf7 Rxa4 39. f5 Rd4 40. Rf6 Rxd8 41. Rxh6 exf5 42. Rxh5 Kf7 43.
Rxf5+ Ke6 44. Rh5 Rd5 45. Rxh4 Rxe5 46. Kd3 Kf6 47. Rg4 Rg5 48. Ra4 Rh5 49. h4 a5 50. Ke3 Kg6 51. Kf3 Rb5 52. Kg3 Rb3+ 53. Kh2 Rb4 54. Rxa5 Rxh4+ 1/2-1/2

[Event "*** Titled Tuesday Blitz"]
[Site "Chess.com"]
[Date "2021.02.09"]
[Round "8"]
[White "Witik"]
[Black "Happy1712Drummer"]
[Result "1-0"]
[WhiteElo "2716"]
[BlackElo "2412"]
[TimeControl "180+1"]
[EndTime "11:29:47 PST"]
[Termination "Witik won by checkmate"]

1. d4 Nf6 2. Bf4 g6 3. Nf3 Bg7 4. Nc3 d5 5. e3 O-O 6. Be2 c5 7. dxc5 Na6 8. Bxa6 bxa6 9. Be5 Bb7 10. b4 Rc8 11. O-O a5 12. a3 Bh6 13. Bxf6 exf6 14. Nd4 f5 15. Ncb5 Ba6 16. Re1 Qe7 17. Nd6 Rc7 18. Qf3 Bg7 19. Qxd5 Rd8 20. Nc6 Rxc6 21. Qxc6 Bxa1 22. Rxa1 Qf6 23. Rb1 Bc4 24. h3 Ba2 25.
Rf1 Bc4 26. Rb1 Ba2 27. Rd1 Qb2 28. Qc7 Rf8 29. Qxa5 Qxc2 30. Rf1 Bd5 31. Qxa7 f4 32. exf4 Qc3 33. b5 Ra8 34. Qc7 Rxa3 35. b6 Ra1 36. Rxa1 Qxa1+ 37. Kh2 Qc1 38. Qd8+ Kg7 39. Qg5 Qxc5 40. Qe5+ f6 41. Qe7+ Kh6 42. b7 Qxf2 43. Nf5+ gxf5 44. Qxf6+ Kh5 45. Qxf5+ Kh6 46. Qg5# 1-0

[Event "*** Titled Tuesday Blitz"]
[Site "Chess.com"]
[Date "2021.02.09"]
[Round "8"]
[White "rasmussvane"]
[Black "exoticprincess"]
[Result "1-0"]
[WhiteElo "2910"]
[BlackElo "2856"]
[TimeControl "180+1"]
[EndTime "11:29:48 PST"]
[Termination "rasmussvane won on time"]

1. Nf3 c6 2. g3 d5 3. Bg2 Nf6 4. O-O Bf5 5. c4 e6 6. Qb3 Qc8 7. d3 Be7 8. Nc3 O-O 9. cxd5 exd5 10. Re1 Na6 11. Bf4 Re8 12. Rac1 h6 13. a3 Nc5 14. Qc2 a5 15. Nd4 Bh3 16. e4 Bxg2 17. Kxg2 dxe4 18. dxe4 Ne6 19. Nxe6 Qxe6 20. Rcd1 Nd7 21. Ne2 Bf6 22. Nd4 Bxd4 23. Rxd4 Ne5 24. Red1 Ng6 25. Be3 Qg4 26.
Kg1 Ne5 27. Rd6 Nf3+ 28. Kg2 Nh4+ 29. Kg1 Nf3+ 30. Kg2 Rxe4 31. h3 Qf5 32. Qc5 Re5 33. Rd8+ Kh7 34. Qf8 Rxd8 35. Rxd8 Qe4 36. Qh8+ Kg6 37.
Rg8 Nh4+ 38. Kf1 Qh1+ 39. Ke2 Qf3+ 40. Kd2 Qd5+ 41. Ke1 Nf5 42. g4 Qh1+ 43. Kd2 Rd5+ 44. Kc3 Qe1+ 45. Kb3 1-0

[Event "*** Titled Tuesday Blitz"]
[Site "Chess.com"]
[Date "2021.02.09"]
[Round "8"]
[White "verdest"]
[Black "Kiborg95"]
[Result "1-0"]
[WhiteElo "2516"]
[BlackElo "2706"]
[TimeControl "180+1"]
[EndTime "11:29:50 PST"]
[Termination "verdest won by resignation"]

1. d4 d6 2. e4 Nf6 3. Nc3 e5 4. Nf3 Nbd7 5. g4 Nxg4 6. Rg1 Ngf6 7. Bc4 exd4 8. Nxd4 Nb6 9. Bb3 c5 10. Nde2 c4 11.
Ba4+ Nxa4 12. Nxa4 Qa5+ 13. Nac3 Nxe4 14. Bf4 Be6 15. Qd4 Nxc3 16. Nxc3 Qc5 17. Qxc5 dxc5 18. O-O-O a6 19. Nd5 Rc8 20. Rge1 Be7 21. Nc7+ Rxc7 22.
Bxc7 h5 23. Bd6 Rh6 24. Bxe7 Kxe7 25. Re5 b6 26. f4 Rf6 27. Rf1 Rf5 28. Rxf5 Bxf5 29.
Kd2 Kd6 30. Re1 Be6 31. a4 g6 32. Kc3 b5 33. axb5 axb5 34. Ra1 Kd5 35. Re1 f6 36. Kd2 g5 37. Ke3 g4 38. Rd1+ Kc6 39. Rd8 Bf5 40. c3 Bd3 41. Rh8 f5 42. Rxh5 Kd5 43.
Rh6 b4 44. Rb6 b3 45. Rf6 Be4 46. Rg6 Bd3 47. Rh6 Be4 48. Rh5 Bd3 49. h3 gxh3 50. Rxh3 Be4 51. Rh5 Bd3 52. Rg5 Be4 53. Rg6 Bd3 54. Rg7 Be4 55. Re7 Bd3 56. Re8 Be4 57. Re5+ Kd6 58. Rxe4 fxe4 59. Kxe4 1-0